Map: Thunderbird LE

Players

Gerald - Winner!

  • Race: Protoss Protoss
  • Spawn Location: 11:00

SortOf

  • Race: Zerg Zerg
  • League: Platinum
  • Spawn Location: 5:00

VOD

Have the link to the VOD?

Description

Time

  • Played on: Sept. 7, 2019, 9:15 a.m.
  • Length: 9:30
Show
View Real Time Build Order
Export as new Build Order

Gerald Protoss - Winner!

Build Orders: 1 Gate Expand, Archon Immortal, Archon Drop, Dark Templar Rush 

Get SALT Encoding   

  12  0:00  Probe  
  13  0:12  Probe  
  14  0:19  Pylon  
  14  0:24  Probe  
  14  0:28  Assimilator  
  15  0:33  Probe  
  15  0:41  Probe  
  16  0:46  Gateway  
  17  0:52  Probe  
  19  1:04  Probe  
  19  1:16  Probe  
  20  1:31  Probe  
  21  1:35  Nexus  
  21  1:38  Cybernetics Core  
  21  1:44  Probe  
  21  1:45  Assimilator  
  22  1:53  Pylon  
  22  1:56  Probe  
  23  2:05  Adept  
  23  2:11  Probe  
  23  2:15  Twilight Council  
  26  2:23  Probe  
  26  2:27  Warp Gate  
  26  2:28  Stalker  
  27  2:35  Probe  
  29  2:47  Probe  
  29  2:48  Probe  
  31  2:52  Robotics Facility  
  31  2:57  Adept  
  31  2:59  Probe  
  31  3:00  Probe  
  35  3:11  Probe  
  35  3:12  Probe  
  37  3:18  Dark Shrine  
  37  3:23  Probe  
  37  3:24  Gateway  
  37  3:25  Probe  
  39  3:35  Probe  
  39  3:36  Pylon  
  39  3:37  Probe  
  41  3:46  Warp Prism, Gateway  
  41  3:47  Gateway, Probe  
  42  3:49  Probe  
  43  4:00  Probe  
  43  4:01  Probe  
  47  4:05  Pylon  
  47  4:08  Assimilator  
  47  4:11  Assimilator  
  47  4:12  Probe  
  47  4:14  Probe  
  49  4:22  Warp Prism  
  51  4:26  Probe  
  51  4:31  Probe  
  53  4:40  Probe  
  53  4:45  Pylon  
  52  4:46  Dark Templar x3  
  52  4:49  Dark Templar  
  60  4:53  Probe  
  59  5:00  Pylon  
  59  5:01  Gateway  
  59  5:03  Gateway  
  59  5:16  Immortal  
  61  5:28  Dark Templar x2  
  63  5:38  Dark Templar  
  63  5:44  Dark Templar  
  63  5:51  Probe  
  64  6:01  Gateway  
  64  6:04  Gateway, Archon  
  64  6:08  Immortal, Archon, Dark Templar x2  
  64  6:09  Zealot x2  
  72  6:13  Pylon  
  72  6:16  Archon  
  76  6:31  Dark Templar  
  78  6:34  Pylon  
  78  6:40  Dark Templar  
  78  6:41  Probe  
  78  6:44  Zealot x2  
  85  6:48  Archon  
  85  6:49  Pylon, Charge  
  85  6:51  Pylon  
  85  6:53  Pylon  
  84  6:56  Pylon  
  84  6:58  Pylon  
  84  7:10  Immortal  
  84  7:22  Zealot x2  
  90  7:23  Zealot  
  90  7:24  Zealot  
  90  7:27  Adept, Nexus  
  90  7:28  Adept x2  
  90  7:29  Pylon  
  102  7:31  Adept  
  102  7:37  Probe  
  105  7:39  Forge  
  105  7:41  Probe  
  106  7:49  Probe  
  107  7:53  Probe  
  108  8:02  Probe  
  109  8:10  Observer  
  109  8:11  Dark Templar x3  
  109  8:12  Dark Templar  
  109  8:14  Zealot x4  
  109  8:18  Archon x2  
  118  8:21  Probe  
  119  8:28  Immortal  
  123  8:49  Dark Templar x2  
  123  8:50  Zealot x5  
  123  8:52  Probe x2  
  139  8:57  Archon  
  123  9:18  Zealot x3  
  123  9:19  Zealot x5  
Show
View Real Time Build Order
Export as new Build Order

SortOf Zerg 

Build Orders: Hatch First 

Get SALT Encoding   

  12  0:00  Drone  
  13  0:12  Overlord  
  13  0:16  Drone  
  14  0:30  Drone x2  
  16  0:47  Hatchery  
  15  0:51  Drone  
  15  0:54  Drone  
  17  0:57  Drone  
  18  1:09  Extractor  
  17  1:13  Spawning Pool  
  17  1:15  Drone  
  17  1:20  Drone  
  18  1:28  Drone  
  19  1:38  Drone  
  20  1:56  Overlord  
  20  1:59  Queen x2  
  20  2:00  Zergling x4  
  26  2:10  Drone  
  26  2:11  Drone  
  28  2:16  Metabolic Boost  
  28  2:22  Drone x2  
  30  2:38  Hatchery  
  30  2:41  Drone  
  30  2:45  Pneumatized Carapace  
  30  2:49  Overlord  
  30  2:50  Zergling x2  
  31  2:52  Drone  
  32  2:58  Overlord  
  32  3:04  Queen  
  34  3:10  Drone x2  
  36  3:13  Drone  
  36  3:15  Drone  
  36  3:17  Drone  
  39  3:20  Drone  
  39  3:22  Zergling x2  
  39  3:23  Zergling x2  
  42  3:31  Drone x2  
  44  3:35  Lair  
  44  3:40  Drone  
  45  3:44  Drone  
  45  3:47  Overlord, Drone  
  47  3:51  Roach Warren  
  47  3:52  Drone x2  
  48  4:00  Drone x2  
  50  4:04  Queen  
  50  4:05  Drone x2  
  50  4:07  Drone  
  50  4:08  Extractor  
  50  4:09  Extractor  
  53  4:17  Zergling x2  
  53  4:18  Zergling x2  
  53  4:19  Drone x4  
  57  4:33  Drone x4  
  57  4:36  Drone x3  
  60  4:39  Overlord  
  60  4:41  Roach  
  60  4:43  Overseer  
  60  4:50  Roach x2  
  60  4:51  Roach  
  67  5:00  Roach x2  
  67  5:04  Overlord  
  69  5:07  Drone x4  
  69  5:12  Overseer  
  69  5:14  Overlord  
  72  5:16  Spore Crawler  
  72  5:19  Overseer  
  67  5:24  Drone x2  
  63  5:29  Drone  
  63  5:33  Drone  
  63  5:34  Drone  
  62  5:39  Drone x2  
  61  5:50  Drone x5  
  61  5:56  Drone x3  
  66  6:09  Hatchery  
  65  6:14  Glial Reconstitution  
  65  6:18  Roach x2  
  69  6:23  Roach x2  
  73  6:28  Roach x2  
  77  6:38  Roach x3  
  83  6:40  Overlord  
  83  6:41  Overlord  
  83  6:47  Extractor  
  83  6:48  Overlord, Drone  
  83  6:54  Overlord  
  83  6:57  Overlord  
  82  7:02  Overlord  
  80  7:13  Roach x6  
  89  7:20  Drone x3  
  89  7:22  Drone  
  93  7:25  Drone x2  
  93  7:26  Drone  
  93  7:29  Overseer  
  96  7:32  Ravager x3  
  96  7:34  Drone x2  
  96  7:36  Drone  
  102  7:44  Roach  
  102  7:45  Roach  
  102  7:47  Ravager x2  
  102  7:48  Overlord  
  102  7:50  Roach  
  110  7:55  Overlord  
  110  8:02  Queen  
  110  8:05  Drone x6  
  113  8:06  Drone  
  113  8:08  Drone  
  112  8:14  Drone x4  
  112  8:17  Drone  
  117  8:24  Drone  
  117  8:25  Drone x2  
  120  8:32  Drone, Zergling x2  
  120  8:33  Drone  
  120  8:34  Drone  
  123  8:36  Spire, Overlord  
  123  8:41  Roach x2  
  121  8:44  Overlord, Ravager  
  121  8:47  Roach x2  
  125  8:54  Roach x3  
  125  8:55  Extractor  
  130  8:58  Roach  
  130  8:59  Roach x2  
  130  9:00  Ravager x2  
  138  9:04  Roach x2  
  138  9:06  Roach  
Tags
 
Add a new tag
Caveats
  • Supply blocks, unpowered buildings, or Contaminate may cause inaccurate times.
  • Supply counts are checked every 10 seconds.